 Dungeon Crawl Stone Soup version 0.19.1 (webtiles) character file.

45519 Gargoyl the Envoy of Void (level 14, -8/129 HPs)
             Began as a Demonspawn Abyssal Knight on Nov 23, 2016.
             Was a High Priest of Lugonu.
             Mangled by a salamander
             ... wielding a +0 trident
              (14 damage)
             ... in a volcano on Nov 24, 2016.
             The game lasted 00:45:49 (20500 turns).

Gargoyl the Envoy of Void (DsAK)                   Turns: 20500, Time: 00:45:50

Health: -8/129     AC: 21    Str: 18    XL:     14   Next: 1%
Magic:  24/24      EV: 10    Int: 15    God:    Lugonu [*****.]
Gold:   836        SH:  7    Dex: 12    Spells: 0 memorised, 13 levels left

rFire  . . .     SeeInvis .     g - +6 hand axe (elec)
rCold  + + .     Gourm    .     S - +0 plate armour
rNeg   . . .     Faith    .     k - +2 buckler {reflect}
rPois  +         Spirit   .     a - +2 hat {MR+}
rElec  +         Reflect  +     v - +0 cloak "Humir" {rC+ Str+5}
rCorr  .         Harm     .     (gloves unavailable)
MR     ++...                    R - +2 pair of boots {Fly}
Stlth  ..........               e - amulet of rage
                                E - ring of poison resistance
                                x - +3 ring of evasion

@: about to teleport, flying
A: beak, claws 3, thin metallic scales 3, cold resistance 1, deformed body,
robust 2, screaming 2, spiny 2, weak 2
a: Depart the Abyss, Bend Space, Banish, Corrupt, Enter the Abyss, Renounce
Religion, Evoke Berserk Rage, Stop Flying


You were in a volcano.
You worshipped Lugonu.
Lugonu was extremely pleased with you.
You were not hungry.

You visited 2 branches of the dungeon, and saw 17 of its levels.
You visited the Abyss 1 time.
You also visited: Ossuary, Ice Cave and Volcano.

You collected 1210 gold pieces.
You spent 374 gold pieces at shops.

Inventory:

Hand Weapons
 g - a +6 hand axe of electrocution (weapon)
 D - a +0 war axe
 H - a +0 war axe
Missiles
 y - 10 javelins (quivered)
Armour
 a - a +2 hat of magic resistance (worn)
 k - a +2 buckler of reflection (worn)
 p - a +0 pair of gloves
 v - the +0 cloak "Humir" (worn) {rC+ Str+5}
   (You found it on level 5 of the Dungeon)

   It affects your strength (+5).
   It protects you from cold.
 R - a +2 pair of boots of flying (worn)
 S - a +0 plate armour (worn)
Jewellery
 e - an amulet of rage (around neck)
 r - an uncursed ring of protection from magic
 w - an uncursed ring of protection from cold
 x - a +3 ring of evasion (left claw)
 E - a ring of poison resistance (right claw)
 X - an uncursed ring of protection from cold
Wands
 t - a wand of random effects (22/48)
 z - a wand of digging (16/24)
Scrolls
 f - 4 scrolls of magic mapping
 h - a scroll of recharging
 m - 12 scrolls of remove curse
 q - 2 scrolls of fog
 u - 3 scrolls of teleportation
 G - a scroll of silence
 J - 4 scrolls of amnesia
 P - a scroll of fear
Potions
 j - 6 potions of lignification
 s - 3 potions of brilliance
 F - 2 potions of might
 I - 3 potions of resistance
Books
 B - a book of Enchantments

   Spells                             Type                      Level
   a - Cause Fear                     Hexes                        4
   b - Yara's Violent Unravelling     Hexes/Transmutation          5
   c - Silence                        Hexes/Air                    5
   d - Deflect Missiles               Charms/Air                   6
   e - Discord                        Hexes                        8
Miscellaneous
 d - a box of beasts
Comestibles
 b - a slice of pizza
 c - 12 bread rations
 i - a fruit
 l - 6 meat rations
 A - 4 royal jellies
 U - 4 beef jerkies


   Skills:
 + Level 9.0 Fighting
 + Level 12.0 Axes
 + Level 2.7 Throwing
 * Level 12.4 Armour
 + Level 2.9 Dodging
 + Level 6.6 Shields
 * Level 13.7 Invocations


You had 13 spell levels left.
You didn't know any spells.

Dungeon Overview and Level Annotations

Branches:
Dungeon (11/15)            Temple (0/1) D:5            Lair (6/6) D:11
 Shoals (0/4) Lair:3        Snake (0/4) Lair:4        Slime (0/5) Lair:5
    Orc (0/2) D:11

Altars:
Cheibriados
Fedhas
Kikubaaqudgha
Sif Muna
Trog
Zin
Beogh

Shops:
D:4 :   D:6 [   D:7 =   D:9 =   D:11 *

Annotations:
Lair:5 exclusion: 3 oklob plants
Abyss:1 Snorg


Innate Abilities, Weirdness & Mutations

You have claws for hands.
You are completely covered in thin metallic scales. (AC +4, rElec)
You are mostly covered in sharp spines.
You have a beak for a mouth.
Your flesh is cold resistant. (rC+)
Armour fits poorly on your strangely shaped body.
You are very robust. (+20% HP)
You sometimes yell uncontrollably at your foes.
You are very weak. (Str -4)


Message History

The salamander mystic completely resists.
The searing blast hits you!
* * * LOW HITPOINT WARNING * * *
You hit the salamander mystic but do no damage.
The salamander mystic is heavily wounded.
The salamander mystic barely misses you.
The salamander completely misses you.
Unknown command.
As you read the scroll of teleportation, it crumbles to dust.
You feel strangely unstable.
The red draconian breathes flames at you.
The searing blast hits the salamander mystic.
The salamander mystic completely resists.
The searing blast hits you!
* * * LOW HITPOINT WARNING * * *
The salamander mystic hits you but does no damage.
The salamander hits you from afar with a trident!
* * * LOW HITPOINT WARNING * * *
You are engulfed in flames!
You die...

≈≈≈≈§≈≈§≈≈≈≈§≈≈§§≈≈≈≈≈≈≈≈≈≈≈§§§§§
§§§§§≈§§≈≈≈≈≈≈≈≈§≈§≈≈≈≈≈≈§≈§§≈§≈≈
≈§§≈§§§§§.......§........≈≈≈≈≈≈§§
≈≈≈≈≈≈≈.#################.≈§≈≈≈≈§
≈≈≈≈§≈≈.# .'.....'. #.§≈≈≈≈≈≈
§§§§≈≈≈.# #N8_8.# #.≈≈≈≈≈≈§
§§§§§≈§.# #.NdN.# #.≈≈≈≈≈≈≈
≈≈≈§≈≈§.### #N# #.≈≈≈§≈≈≈
§§≈§§≈≈.#... #@# ...#..≈≈≈≈§§
.≈≈§§≈≈.#### #§# ####.≈§≈≈§≈≈
≈§.§≈≈§.# #.# #.≈§§≈≈§§ ≈≈≈.§§§.#
#.# #.≈§§§§≈§ ≈≈§§§§§.# #.#
#.§§§≈≈≈§ ≈≈≈§≈≈≈§# #.# #.§≈§≈§≈§
≈≈≈≈§§§.########'########.≈≈§≈≈≈≈
§§≈≈§§≈§.§§.§.§..........≈≈≈§§≈§≈
§§≈§§≈§§≈≈§§§≈§≈≈≈≈≈≈§≈≈§≈≈≈≈§§§§


You could see a red draconian, a salamander mystic and 3 salamanders.

Vanquished Creatures
  Gastronok (Lair:1)
  Josephine (D:10)
  A death yak (Lair:5)
  Nergalle (D:10)
  A hill giant (D:11)
  An oklob plant (Lair:5)
  2 ugly things (IceCv)
  Joseph (D:8)
  13 elephants
  Maurice (D:11)
  A centaur zombie (D:10)
  3 black mambas (Lair:4)
  2 gargoyles (D:10)
  2 ice statues (IceCv)
  14 spiny frogs
  The ghost of Nimsei the Cudgeler, a novice DsGl of Ru (Ossuary)
  2 rime drakes (Lair:4)
  4 komodo dragons
  2 ice devils (Lair:1)
  A tengu conjurer (D:10)
  2 meliai (Lair:5)
  2 polar bears
  4 trolls
  A queen bee (Lair:5)
  A two-headed ogre (D:8)
  2 hornets (D:10)
  10 blink frogs
  A dream sheep (Lair:4)
  5 hippogriffs
  Sigmund (D:4)
  4 wraiths
  33 yaks
  4 wyverns
  Eustachio (D:4)
  A basilisk (Lair:3)
  2 fire bats (Volcano)
  A hungry ghost (D:11)
  A steam dragon (Lair:5)
  2 nagas (Lair:4)
  Menkaure (D:7)
  12 water moccasins
  6 porcupines
  5 orc warriors
  7 ice beasts
  8 ogres
  2 sky beasts
  2 phantoms
  3 necrophages
  9 crocodiles
  8 centaurs
  A big kobold (D:10)
  Blork the orc (D:4)
  16 bullfrogs
  3 scorpions
  47 killer bees
  8 wights (D:10)
  5 howler monkeys (D:10)
  2 vampire bats (D:4)
  5 crimson imps
  6 lava snakes (Volcano)
  A bullfrog zombie (D:6)
  8 hounds
  5 jellies
  7 orc priests
  Jessica (D:6)
  2 iguanas (D:9)
  9 orc wizards
  6 hell rats (Lair:3)
  5 worker ants
  A killer bee zombie (D:5)
  A hound zombie (D:7)
  2 mummies
  7 gnolls (D:10)
  9 adders
  A river rat (Lair:5)
  6 shadow imps
  2 oozes
  2 adder skeletons
  5 worms
  4 leopard geckos
  39 orcs
  2 ball pythons
  8 giant cockroaches
  6 goblins
  6 hobgoblins
  11 kobolds
  9 quokkas
  10 bats
  5 frilled lizards
  4 gnoll skeletons (Ossuary)
  A hobgoblin zombie (D:8)
  8 kobold skeletons (Ossuary)
  A kobold zombie (D:8)
  2 leopard gecko skeletons
  13 orc skeletons (Ossuary)
  9 rats
  A plant (Lair:4)
509 creatures vanquished.

Vanquished Creatures (others)
  4 hydras
  A meliai (Lair:5)
  A hippogriff (Lair:5)
  A yak (D:10)
  An orc (D:10)
  5 fungi
  4 plants
17 creatures vanquished.

Grand Total: 526 creatures vanquished

Notes
Turn   | Place    | Note
-------+----------+-------------------------------------------
     0 | Abyss:1  | Gargoyl the Demonspawn Abyssal Knight began the quest for the Orb.
     0 | Abyss:1  | Reached XP level 1. HP: 18/18 MP: 2/2
    57 | Abyss:1  | Noticed a raiju
    58 | D:1      | Escaped the Abyss
   195 | D:1      | Gained mutation: You are partially covered in sharp spines. [demonic ancestry]
   195 | D:1      | Reached XP level 2. HP: 23/24 MP: 3/3
   365 | D:1      | Found a snail-covered altar of Cheibriados.
   385 | D:1      | Reached * piety under Lugonu
   590 | D:1      | Reached skill level 1 in Dodging
   872 | D:2      | You fall through a shaft for 2 floors!
   879 | D:4      | Noticed Sigmund
   928 | D:4      | Killed Sigmund
   928 | D:4      | Reached skill level 3 in Invocations
   928 | D:4      | Gained mutation: You are partially covered in thin metallic scales. (AC +2) [demonic ancestry]
   928 | D:4      | Reached XP level 3. HP: 22/30 MP: 3/5
   928 | D:4      | Gained mutation: You are mostly covered in sharp spines. [demonic ancestry]
   928 | D:4      | Reached XP level 4. HP: 27/37 MP: 3/6
   928 | D:4      | Reached XP level 5. HP: 31/42 MP: 3/7
   994 | D:4      | Noticed an ogre
  1045 | D:4      | Noticed a phantom
  1856 | D:3      | Found a bloodstained altar of Trog.
  1951 | D:3      | Reached ** piety under Lugonu
  1952 | D:3      | Reached skill level 4 in Invocations
  1952 | D:3      | Reached XP level 6. HP: 29/48 MP: 7/9
  2174 | D:3      | You fall through a shaft!
  2414 | D:4      | Gained mutation: You are mostly covered in thin metallic scales. (AC +3) [demonic ancestry]
  2414 | D:4      | Reached XP level 7. HP: 55/55 MP: 10/10
  2708 | D:4      | Noticed Blork the orc
  2715 | D:4      | Killed Blork the orc
  2737 | D:4      | Noticed Eustachio
  2743 | D:4      | Killed Eustachio
  2743 | D:4      | Reached skill level 5 in Invocations
  2772 | D:4      | Found a glowing silver altar of Zin.
  2792 | D:4      | Found Acser's Book Shoppe.
  3065 | D:4      | Reached skill level 1 in Throwing
  3370 | D:5      | Entered Level 5 of the Dungeon
  3376 | D:5      | Found a staircase to the Ecumenical Temple.
  3430 | D:5      | Reached skill level 5 in Axes
  3521 | D:5      | Got a heavily runed cloak
  3527 | D:5      | Identified the +0 cloak "Humir" {rC+ Str+5} (You found it on level 5 of the Dungeon)
  3693 | D:5      | Reached XP level 8. HP: 61/61 MP: 12/12
  4059 | D:6      | Reached skill level 5 in Fighting
  4279 | D:6      | Gained mutation: You have large cloven feet. [mutagenic meat]
  4280 | D:6      | Gained mutation: Your spells are a little harder to cast, but a little more powerful. [mutagenic meat]
  4281 | D:6      | Gained mutation: You are agile. (Dex +2) [mutagenic meat]
  4282 | D:6      | Gained mutation: You are weak. (Str -2) [mutagenic meat]
  4283 | D:6      | Gained mutation: You are robust. (+10% HP) [mutagenic meat]
  4284 | D:6      | Gained mutation: You are very weak. (Str -4) [mutagenic meat]
  4320 | D:6      | Gained mutation: You tend to lose your temper in combat. [potion of mutation]
  4320 | D:6      | Gained mutation: Scrolls take you a little longer to read. [potion of mutation]
  4401 | D:6      | Reached skill level 6 in Invocations
  4550 | D:6      | Reached skill level 5 in Armour
  4666 | D:6      | Found Palyt's Armour Emporium.
  4673 | D:6      | Bought a +0 pair of gloves for 54 gold pieces
  5095 | D:6      | Noticed Jessica
  5125 | D:6      | Killed Jessica
  5139 | D:6      | Found a deep blue altar of Sif Muna.
  5240 | D:7      | Noticed Menkaure
  5249 | D:7      | Killed Menkaure
  5249 | D:7      | Reached *** piety under Lugonu
  5369 | D:7      | Reached skill level 1 in Shields
  5477 | D:7      | Gained mutation: You are completely covered in thin metallic scales. (AC +4, rElec) [demonic ancestry]
  5477 | D:7      | Reached XP level 9. HP: 74/74 MP: 14/14
  5611 | D:7      | Found an ancient bone altar of Kikubaaqudgha.
  5689 | D:7      | Reached skill level 7 in Invocations
  5776 | D:7      | Found a blossoming altar of Fedhas.
  5892 | D:7      | Found Tenum's Jewellery Emporium.
  5901 | D:7      | Bought an uncursed ring of poison resistance for 200 gold pieces
  6042 | D:8      | Found a sand-covered staircase.
  6054 | Ossuary  | Entered an ossuary
  6119 | Ossuary  | Reached **** piety under Lugonu
  6129 | Ossuary  | Noticed Nimsei's ghost (novice DsGl)
  6140 | Ossuary  | Killed Nimsei's ghost
  6556 | D:8      | Noticed Joseph
  6577 | D:8      | Killed Joseph
  6577 | D:8      | Reached skill level 8 in Invocations
  6700 | D:8      | Reached XP level 10. HP: 83/83 MP: 16/16
  6870 | D:8      | Found a deep blue altar of Sif Muna.
  7623 | D:9      | Gained mutation: You are very robust. (+20% HP) [potion of mutation]
  7623 | D:9      | Gained mutation: Your flesh is cold resistant. (rC+) [potion of mutation]
  7623 | D:9      | Gained mutation: You have a beak for a mouth. [potion of mutation]
  7874 | D:9      | Found Ingurchum's Jewellery Shoppe.
  8217 | D:10     | Entered Level 10 of the Dungeon
  8223 | D:10     | Reached ***** piety under Lugonu
  8370 | D:10     | Identified a scroll of acquirement
  8387 | D:10     | Noticed Nergalle
  8920 | D:10     | Noticed a spectral orc warlord
  8927 | D:10     | Killed Nergalle
  9057 | D:10     | Reached skill level 9 in Invocations
  9060 | D:10     | Identified Sif Muna's Volume of the Shifting Oath
  9165 | D:10     | Noticed a gargoyle
  9215 | D:10     | Lost mutation: Your spells are a little harder to cast, but a little more powerful. [potion of cure mutation]
  9215 | D:10     | Lost mutation: Your flesh is cold resistant. (rC+) [potion of cure mutation]
  9215 | D:10     | Lost mutation: You are agile. (Dex +2) [potion of cure mutation]
  9215 | D:10     | Lost mutation: You tend to lose your temper in combat. [potion of cure mutation]
  9216 | D:10     | Gained mutation: You occasionally shout uncontrollably at your foes. [potion of mutation]
  9216 | D:10     | Gained mutation: Armour fits poorly on your strangely shaped body. [potion of mutation]
  9216 | D:10     | Gained mutation: You sometimes yell uncontrollably at your foes. [potion of mutation]
  9626 | D:10     | Gained mutation: You have sharp fingernails. [demonic ancestry]
  9626 | D:10     | Reached XP level 11. HP: 99/99 MP: 17/17
  9948 | D:10     | Noticed Snorg
  9952 | D:10     | Banished Snorg
 10262 | D:10     | Noticed Josephine
 10294 | D:10     | Killed Josephine
 10294 | D:10     | Reached skill level 10 in Invocations
 10482 | D:10     | Paralysed by a hornet for 3 turns
 11052 | D:11     | Noticed a hill giant
 11063 | D:11     | Killed a hill giant
 11179 | D:11     | Found a staircase to the Orcish Mines.
 11189 | D:11     | Found a roughly hewn altar of Beogh.
 11306 | D:11     | Noticed Maurice
 11330 | D:11     | Killed Maurice
 11702 | D:11     | Reached skill level 10 in Axes
 11739 | D:11     | Found a staircase to the Lair.
 11744 | D:11     | Found Wigedoc's General Store.
 11752 | D:11     | Bought a scroll of enchant weapon for 120 gold pieces
 12012 | Lair:1   | Entered Level 1 of the Lair of Beasts
 12031 | Lair:1   | Noticed Gastronok
 12050 | Lair:1   | Killed Gastronok
 12050 | Lair:1   | Gained mutation: You have very sharp fingernails. [demonic ancestry]
 12050 | Lair:1   | Reached XP level 12. HP: 57/109 MP: 18/20
 12245 | Lair:1   | Found a frozen archway.
 12252 | Lair:1   | Reached skill level 10 in Armour
 12271 | IceCv    | Entered an ice cave
 12285 | IceCv    | Reached skill level 5 in Shields
 12299 | IceCv    | Lost mutation: You have large cloven feet. [mutagenic meat]
 12300 | IceCv    | Gained mutation: Your flesh is cold resistant. (rC+) [mutagenic meat]
 12301 | IceCv    | Lost mutation: Scrolls take you a little longer to read. [mutagenic meat]
 12490 | IceCv    | Reached skill level 11 in Invocations
 12905 | Lair:1   | Reached ****** piety under Lugonu
 15655 | Lair:3   | Gained mutation: You have claws for hands. [demonic ancestry]
 15655 | Lair:3   | Reached XP level 13. HP: 114/117 MP: 21/21
 15753 | Lair:3   | Reached skill level 12 in Invocations
 15960 | Lair:3   | Found a staircase to the Shoals.
 16308 | Lair:4   | Found a staircase to the Snake Pit.
 17167 | Lair:5   | HP: 3/118 [rime drake/flash freeze (12)]
 18739 | Lair:5   | Reached skill level 13 in Invocations
 18936 | Lair:5   | Found a staircase to the Slime Pits.
 19645 | Lair:6   | Entered Level 6 of the Lair of Beasts
 19987 | Lair:6   | Found a dark tunnel.
 20072 | Volcano  | Entered a volcano
 20331 | Volcano  | Reached XP level 14. HP: 129/129 MP: 24/24
 20485 | Volcano  | Found a radiant altar of Vehumet.
 20500 | Volcano  | HP: 6/129 [salamander/trident (9)]
 20500 | Volcano  | Mangled by a salamander

Skill      XL: |  1  2  3  4  5  6  7  8  9 10 11 12 13 |
---------------+----------------------------------------+-----
Axes           | 2 3 4 5 6 8 9 10 11 12 | 12.0
Armour         | 2 3 4 5 6 8 9 11 12 | 12.4
Dodging        | 1 2 |  2.9
Fighting       | 4 5 6 7 8 9 |  9.0
Invocations    | 3 4 5 6 8 9 10 11 13 | 13.7
Throwing       | 1 2 |  2.7
Shields        | 1 2 3 4 6 |  6.6

Action                   |  1- 3 |  4- 6 |  7- 9 | 10-12 | 13-15 || total
-------------------------+-------+-------+-------+-------+-------++-------
Melee: Hand axe          |    65 |    92 |   211 |   709 |   322 ||  1399
       Kick              |       |       |    48 |    18 |       ||    66
       Peck              |       |       |       |   128 |    67 ||   195
Throw: Javelin           |       |     5 |    22 |       |       ||    27
Invok: Depart the Abyss  |     1 |       |       |       |       ||     1
       Banish            |       |       |       |     1 |    15 ||    16
       Bend Space        |       |       |       |       |     1 ||     1
  Use: Potion            |     1 |     2 |     9 |     7 |     8 ||    27
       Scroll            |       |     5 |    10 |    20 |     7 ||    42
 Stab: Invisible         |       |       |       |       |     2 ||     2
  Eat: Chunk             |       |     5 |    15 |    17 |     7 ||    44
       Bread ration      |       |       |     1 |       |     1 ||     2
       Fruit             |       |       |       |    21 |    11 ||    32
Armor: Chain mail        |    60 |    50 |    87 |   109 |       ||   306
       Plate armour      |       |       |       |   155 |   217 ||   372
Dodge: Dodged            |    21 |    21 |    74 |   239 |   166 ||   521
Block: Buckler           |       |       |    62 |   256 |   163 ||   481
       Reflection        |       |       |       |       |     2 ||     2
